AoeStats
← Joaquito

Arena

508158956Analyzed
4v4 RM · 10d ago on Sep 21, 2026· 57m 29s· 8 players
Game mode
Random Map
Map size
Large (8 player)
Population
200
Speed
Normal
Resources
Standard
Victory
Conquest
Starting age
Dark Age
Ending age
Imperial Age
RankedLock teamsTeams togetherTeam positionsShared explorationLock speedFull tech treeHidden civsTurbo modeCheats
Victory
Defeat
🇨🇴 Wu · Colombia
1197
+12
🇦🇷 Byzantines · Argentina
1093
+16
🇨🇴 Cumans · Colombia
1089
+16
🇦🇷 Malians · Argentina
1031
+17
🇦🇷 Malay · Argentina
1159
-18
🇨🇱 Mongols · Chile
1135
-17
🇨🇱 Chinese · Chile
1065
-14
🇨🇱 Byzantines · Chile
1004
-12
Drookns
10:53 Feudal Age
14:49 Castle Age
13:49 Double-Bit Axe
28:27 Imperial Age
27:34 Scale Barding Armor
28:01 Loom
29:31 Caravan
30:39 Wheelbarrow
30:52 Chain Barding Armor
31:33 Forging
33:44 Bow Saw
34:04 Hand Cart
34:52 Plate Barding Armor
34:27 Gold Mining
36:24 Iron Casting
37:03 Chemistry
37:51 Conscription
37:57 Logistica
39:12 Elite Cataphract
41:38 Fletching
44:50 Heavy Cavalry Archer
47:17 Padded Archer Armor
49:55 Light Cavalry
50:38 Husbandry
53:07 Two-Man Saw
51:36 Hussar
cacadecaca38
4:03 Loom
4:28 Loom
4:35 Loom
9:56 Feudal Age
11:04 Double-Bit Axe
15:47 Gold Mining
17:12 Horse Collar
22:26 Castle Age
21:26 Fletching
21:37 Padded Archer Armor
22:48 Crossbowman
23:35 Thumb Ring
23:50 Bow Saw
26:03 Wheelbarrow
27:17 Bodkin Arrow
27:37 Leather Archer Armor
28:42 Ballistics
30:34 Hand Cart
39:38 Imperial Age
39:48 Gold Shaft Mining
39:42 Arbalester
41:38 Chemistry
40:55 Bracer
44:58 Conscription
46:52 Caravan
47:43 Ring Archer Armor
Joaquito
10:41 Feudal Age
14:29 Castle Age
13:14 Stone Mining
13:57 Double-Bit Axe
16:10 Loom
19:44 Fletching
21:47 Gold Mining
34:37 Bloodlines
35:11 Ballistics
35:53 Horse Collar
39:54 Wheelbarrow
39:47 Bodkin Arrow
41:10 Scale Barding Armor
43:55 Husbandry
47:01 Imperial Age
46:32 Gold Shaft Mining
47:14 Hand Cart
46:52 Town Watch
47:27 Masonry
47:58 Bow Saw
48:16 Conscription
49:17 Chemistry
48:25 Siege Engineers
51:48 Bracer
51:49 Padded Archer Armor
52:11 Chain Barding Armor
52:20 Elite Mangudai
52:41 Onager
Federati
12:35 Feudal Age
16:35 Castle Age
14:47 Double-Bit Axe
14:47 Horse Collar
22:03 Forging
26:08 Iron Casting
31:16 Wheelbarrow
37:48 Imperial Age
36:04 Man-at-Arms
36:46 Squires
36:52 Long Swordsman
38:01 Bow Saw
38:48 Bow Saw
38:14 Two-Handed Swordsman
39:19 Conscription
39:31 Conscription
39:14 Gold Mining
40:48 Gold Shaft Mining
43:41 Blast Furnace
ROYAL KANH
10:53 Feudal Age
12:11 Loom
15:21 Castle Age
21:04 Horse Collar
22:19 Scale Mail Armor
23:00 Double-Bit Axe
24:56 Chain Mail Armor
25:11 Arson
30:22 Forging
30:56 Squires
35:39 Imperial Age
33:23 Scale Barding Armor
34:18 Bloodlines
34:37 Chain Barding Armor
36:21 Heavy Plow
36:06 Heavy Camel Rider
38:10 Wheelbarrow
38:33 Iron Casting
40:13 Hand Cart
40:26 Town Watch
40:34 Fletching
40:45 Padded Archer Armor
41:27 Bodkin Arrow
42:13 Plate Barding Armor
41:04 Elite Skirmisher
42:18 Gold Mining
42:33 Farimba
42:57 Leather Archer Armor
44:00 Chemistry
44:16 Conscription
44:31 Ring Archer Armor
55:34 Bow Saw
56:06 Gold Shaft Mining
valentinlondero68
11:36 Feudal Age
15:47 Castle Age
13:59 Double-Bit Axe
16:20 Loom
17:13 Wheelbarrow
23:28 Fletching
33:47 Fortified Wall
33:57 Bodkin Arrow
36:37 Imperial Age
34:35 Murder Holes
35:21 Scale Barding Armor
35:27 Forging
37:07 Chain Barding Armor
41:07 Plate Barding Armor
42:41 Chemistry
42:52 Ballistics
44:43 Iron Casting
45:18 Thumb Ring
49:40 Hand Cart
51:51 Elite Cataphract
52:52 Conscription
54:20 Logistica
54:10 Greek Fire
54:53 Hoardings
54:36 Bracer
8oE. Jonza
9:11 Feudal Age
10:47 Double-Bit Axe
10:44 Horse Collar
21:48 Castle Age
19:35 Loom
19:56 Gold Mining
20:47 Scale Barding Armor
21:21 Forging
22:19 Wheelbarrow
22:03 Bloodlines
23:12 Capped Ram
25:48 Bow Saw
26:25 Heavy Plow
27:35 Gold Shaft Mining
27:22 Town Watch
28:37 Chain Barding Armor
30:23 Hand Cart
31:33 Iron Casting
33:31 Stone Mining
34:38 Town Patrol
36:28 Masonry
40:14 Imperial Age
39:16 Steppe Husbandry
39:49 Fletching
40:13 Murder Holes
42:58 Plate Barding Armor
43:24 Blast Furnace
41:45 Cavalier
41:48 Siege Ram
43:37 Chemistry
42:58 Ballistics
43:14 Paladin
47:05 Two-Man Saw
46:37 Crop Rotation
51:39 Conscription
50:49 Sappers
51:55 Hoardings
Kriptico
11:38 Feudal Age
14:35 Double-Bit Axe
17:10 Castle Age
16:23 Horse Collar
17:28 Wheelbarrow
18:32 Bow Saw
19:14 Heavy Plow
22:05 Forging
22:47 Fletching
23:49 Bodkin Arrow
25:34 Iron Casting
27:13 Squires
26:59 Arson
27:17 Scale Mail Armor
28:24 Chain Mail Armor
53:30 Hand Cart
Connection lost

Rejoining the realm…

Still unreachable

The connection could not be restored.

Session expired

The server has moved on; the page needs a fresh start.